 Dungeon Crawl Stone Soup version 0.23.1 (webtiles) character file.

Game seed: 12472814010931815004

8437 Borgoz the Nimble (level 11, -1/99 HPs)
             Began as a Ghoul Enchanter on Mar 3, 2019.
             Was a Believer of Ashenzari.
             Slain by a yak (13 damage)
             ... on level 11 of the Dungeon.
             The game lasted 00:19:14 (8179 turns).

Borgoz the Nimble (Ghoul Enchanter)                 Turns: 8179, Time: 00:19:14

Health: -1/99      AC:  7    Str: 18    XL:     11   Next: 30%
Magic:  12/12      EV: 21    Int: 11    God:    Ashenzari [**....]
Gold:   607        SH:  5    Dex: 11    Spells: 6/13 levels left

rFire    + . .     SeeInvis .   a - +1 dagger (elec)
rCold    + + .     Gourm    .   (no shield)
rNeg     + + +     Faith    .   m - +0 leather armour (curse)
rPois    ∞         Spirit   .   D - +0 helmet (curse)
rElec    .         Reflect  +   B - scarf {rC+ rF+}
rCorr    .         Harm     .   (no gloves)
MR       .....                  n - +1 pair of boots
Stlth    ++........             A - +5 amulet of reflection (curse)
HPRegen  0.00/turn              E - ring of wizardry
MPRegen  0.13/turn              k - +4 ring of evasion

@: mighty, rotting, hasted, studying Dodging, very quick
A: rotting body, claws 1, carnivore, cold resistance 1, negative energy
resistance 3, inhibited regeneration, torment resistance, unbreathing
a: Curse Item, Scrying, Renounce Religion


You were on level 11 of the Dungeon.
You worshipped Ashenzari.
Ashenzari was pleased with you.
You were not hungry.

You visited 2 branches of the dungeon, and saw 12 of its levels.

You collected 607 gold pieces.

Inventory:

Hand Weapons
 a - a +1 dagger of electrocution (weapon)
 b - a +0 blowgun
 t - a +0 dagger of chaos
Missiles
 e - 32 poisoned needles
 f - 7 tomahawks of returning (quivered)
 i - 2 needles of sleeping
 y - 2 throwing nets
Armour
 m - a cursed +0 leather armour (worn)
 n - a +1 pair of boots (worn)
 B - a scarf of resistance (worn)
 D - a cursed +0 helmet (worn)
Jewellery
 k - a +4 ring of evasion (right claw)
 A - a cursed +5 amulet of reflection (around neck)
 E - a ring of wizardry (left claw)
 G - an uncursed ring of protection from fire
Wands
 o - a wand of digging (16)
 r - a wand of enslavement (5)
 u - a wand of flame (36)
 w - a wand of polymorph (21)
Scrolls
 g - 3 scrolls of amnesia
 j - 4 scrolls of remove curse
 l - 2 scrolls of teleportation
 p - 2 scrolls of enchant armour
 z - a scroll of fear
 F - a scroll of holy word {unknown}
Potions
 h - 2 potions of curing
 q - a potion of magic
 x - 3 potions of flight
Books
 v - a manual of Dodging
Comestibles
 d - 10 rations
 C - 3 chunks of flesh


   Skills:
 * Level 10.1 Fighting
 * Level 8.5 Short Blades
 + Level 5.8 Armour
 * Level 11.4 Dodging
 - Level 3.2 Stealth
 - Level 1.7 Spellcasting
 - Level 2.4 Hexes


You had 6 spell levels left.
You knew the following spells:

 Your Spells              Type           Power        Failure   Level  Hunger
a - Corona                Hex            #......      5%          1    ##.....
b - Ensorcelled Hibernat  Hex/Ice        #.....       13%         2    ###....
c - Confuse               Hex            #.......     16%         3    ####...
d - Confusing Touch       Hex            #.....       5%          1    ##.....

Your spell library contained the following spells:

 Spells                   Type           Power        Failure   Level  Hunger
 Magic Dart               Conj           #...         14%         1    ##.....
 Summon Small Mammal      Summ           #...         14%         1    ##.....
 Tukima's Dance           Hex            #.......     16%         3    ####...
 Call Imp                 Summ           #.......     21%         2    ###....
 Searing Ray              Conj           #.....       21%         2    ###....
 Dazzling Spray           Conj/Hex       #.....       26%         3    ####...
 Summon Guardian Golem    Hex/Summ       #.......     26%         3    ####...
 Call Canine Familiar     Summ           #.......     38%         3    ####...
 Gell's Gravitas          Tloc           #.........   38%         3    ####...
 Fulminant Prism          Conj/Hex       #.........   61%         4    #####..
 Force Lance              Conj/Tloc      #.......     77%         4    #####..
 Iskenderun's Mystic Bla  Conj           #.......     77%         4    #####..
 Petrify                  Tmut/Erth      #.......     77%         4    #####..
 Summon Ice Beast         Ice/Summ       #.......     77%         4    #####..
 Summon Lightning Spire   Summ/Air       #.......     77%         4    #####..
 Metabolic Englaciation   Hex/Ice        #.........   90%         5    ######.
 Yara's Violent Unravell  Hex/Tmut       #.........   90%         5    ######.


Dungeon Overview and Level Annotations

Branches:
Dungeon (11/15)            Temple (1/1) D:7
   Lair: D:8-11         Orc: D:9-12

Altars:
Ashenzari
Cheibriados
Dithmenos
Elyvilon
Fedhas
Gozag
Hepliaklqana
Kikubaaqudgha
Makhleb
Nemelex Xobeh
Okawaru
Qazlal
Ru
Sif Muna
Trog
Uskayaw
Xom
Yredelemnul
Zin
The Shining One

Shops:
D:6 }   D:9 *


Innate Abilities, Weirdness & Mutations

Your body is rotting away.
You thrive on raw meat.
You are immune to poison.
You have sharp fingernails.
You are carnivorous and can eat meat at any time.
Your flesh is cold resistant. (rC+)
You are immune to negative energy. (rN+++)
You do not regenerate when monsters are visible.
You are immune to unholy pain and torment.
You can survive without breathing.


Message History

You hit the yak.
The yak is almost dead.
You hit the yak.
The yak is lightly wounded.
You hit the yak.
The yak is lightly wounded.
You hit the yak. Lightning courses through the yak!
You kill the yak!
The yak gores you!
You completely miss the yak.
The yak is lightly wounded.
The yak gores you!
* * * LOW HITPOINT WARNING * * *
You puncture the yak!
The yak is heavily wounded.
The yak closely misses you. You block the yak's attack.
You feel yourself speed up. The yak gores you!
* * * LOW HITPOINT WARNING * * *
The yak gores you!
You die...

#.... ,+.........###
#....* ,,#............
.....#######............
........................
, ,
..........Y.........###
* .........######.....#,
.........# #.....# ,
.........# #YY...# , ,
#####....# #.@...#
#....# #)....#* * #....#
#......... , ######
#......... , ##########


You could see 2 yaks.

Vanquished Creatures
  Harold (D:8)
  A centaur warrior (D:11)
  A two-headed ogre (D:8)
  Pikel (D:5)
  A centaur zombie (D:10)
  A merfolk (D:10)
  A hippogriff (D:4)
  A wyvern (D:8)
  Sigmund (D:5)
  2 hungry ghosts
  3 yaks
  Menkaure (D:7)
  Edmund (D:5)
  A water moccasin (D:8)
  Duvessa (D:6)
  3 ice beasts
  2 orc warriors
  2 sky beasts
  A slave (D:5)
  A hornet zombie (D:8)
  An eye of draining (D:6)
  A black bear (D:3)
  2 wolves (D:10)
  2 ogres
  A centaur (D:7)
  2 big kobolds (D:10)
  Blork the orc (D:5)
  3 bullfrogs
  2 wyvern zombies
  Dowan (D:6)
  A scorpion (D:4)
  4 killer bees (D:10)
  2 electric eels (D:10)
  8 crimson imps
  A wyvern simulacrum (D:10)
  A quasit (D:10)
  2 hounds
  2 jellies
  3 bullfrog skeletons
  A bullfrog zombie (D:6)
  3 centaur skeletons
  10 orc priests
  8 orc wizards
  An iguana (D:5)
  Ijyb (D:4)
  Natasha (thrice) (D:4 D:5)
  3 worker ants
  A hound zombie (D:6)
  4 gnolls
  12 adders
  2 shadow imps
  A white imp (D:10)
  An adder skeleton (D:6)
  2 worms (D:3)
  3 dart slugs
  2 leopard geckos
  23 orcs
  3 ball pythons
  5 giant cockroaches
  4 goblins
  7 hobgoblins
  15 jackals
  2 quokkas
  11 bats
  7 frilled lizards
  12 kobolds
  A leopard gecko skeleton (D:4)
  A quokka zombie (D:8)
  4 rats
  A spectral orc (D:7)
221 creatures vanquished.

Vanquished Creatures (others)
  A kobold (D:10)
1 creature vanquished.

Grand Total: 222 creatures vanquished

Notes
Turn   | Place    | Note
-------+----------+-------------------------------------------
     0 | D:1      | Borgoz the Ghoul Enchanter began the quest for the Orb.
     0 | D:1      | Reached XP level 1. HP: 14/14 MP: 2/2
    31 | D:1      | Reached skill level 1 in Short Blades
   176 | D:1      | Reached skill level 2 in Dodging
   176 | D:1      | Reached XP level 2. HP: 22/22 MP: 3/3
   298 | D:1      | Reached skill level 1 in Fighting
   739 | D:2      | Reached XP level 3. HP: 22/28 MP: 4/4
   754 | D:2      | Found a bloodstained altar of Trog.
  1006 | D:1      | Learned a level 2 spell: Ensorcelled Hibernation
  1138 | D:1      | Reached XP level 4. HP: 19/36 MP: 5/5
  1264 | D:1      | Reached skill level 1 in Armour
  1602 | D:3      | Noticed a black bear
  1609 | D:3      | Killed a black bear
  1609 | D:3      | Reached skill level 3 in Dodging
  1609 | D:3      | Reached XP level 5. HP: 35/44 MP: 6/6
  1876 | D:3      | Found a shimmering altar of Xom.
  1882 | D:3      | Reached XP level 6. HP: 51/51 MP: 7/7
  2236 | D:4      | Noticed Natasha
  2241 | D:4      | Killed Natasha
  2278 | D:4      | Noticed Ijyb
  2288 | D:4      | Killed Ijyb
  2288 | D:4      | Reached XP level 7. HP: 40/58 MP: 8/8
  2412 | D:4      | Noticed a hippogriff
  2430 | D:4      | Killed a hippogriff
  2430 | D:4      | Reached skill level 4 in Dodging
  2834 | D:4      | Reached skill level 5 in Dodging
  2854 | D:4      | Reached XP level 8. HP: 30/67 MP: 9/9
  3022 | D:4      | Noticed Natasha
  3100 | D:5      | Entered Level 5 of the Dungeon
  3102 | D:5      | Noticed Blork the orc
  3123 | D:5      | Killed Blork the orc
  3123 | D:5      | Reached skill level 5 in Fighting
  3473 | D:5      | Killed Natasha
  3496 | D:5      | Learned a level 3 spell: Confuse
  3560 | D:5      | Noticed Natasha
  3567 | D:5      | Killed Natasha
  3618 | D:5      | Noticed Sigmund
  3633 | D:5      | Reached skill level 6 in Dodging
  3641 | D:5      | Killed Sigmund
  3641 | D:5      | Reached skill level 5 in Short Blades
  3705 | D:5      | Noticed Edmund
  3718 | D:5      | Killed Edmund
  3789 | D:5      | Noticed Pikel
  3814 | D:5      | Killed Pikel
  3814 | D:5      | Reached skill level 7 in Dodging
  3814 | D:5      | Reached XP level 9. HP: 58/78 MP: 10/10
  4193 | D:6      | Found Yri Lu Lae's Gadget Emporium.
  4279 | D:6      | Reached skill level 8 in Dodging
  4359 | D:6      | Noticed Dowan
  4363 | D:6      | Noticed Duvessa
  4375 | D:6      | Killed Duvessa
  4393 | D:6      | Killed Dowan
  4784 | D:7      | Found a staircase to the Ecumenical Temple.
  4809 | Temple   | Entered the Ecumenical Temple
  4931 | Temple   | Became a worshipper of Ashenzari the Shackled
  4999 | D:7      | Found a basalt altar of Yredelemnul.
  5234 | D:7      | Noticed Menkaure
  5248 | D:7      | Killed Menkaure
  5675 | D:8      | Reached skill level 9 in Dodging
  5676 | D:8      | Reached XP level 10. HP: 86/88 MP: 11/11
  5716 | D:8      | Noticed a two-headed ogre
  5730 | D:8      | Killed a two-headed ogre
  5731 | D:8      | Found a hide-covered altar of Uskayaw.
  5922 | D:8      | Learned a level 1 spell: Confusing Touch
  5970 | D:8      | Reached * piety under Ashenzari
  6241 | D:8      | Noticed Harold
  6266 | D:8      | Killed Harold
  6266 | D:8      | Reached skill level 5 in Armour
  6266 | D:8      | Reached skill level 10 in Dodging
  6365 | D:8      | Identified a scroll of acquirement
  6425 | D:9      | Found Xisukhi's Assorted Antiques.
  6720 | D:9      | Found a stormy altar of Qazlal.
  6788 | D:9      | Noticed a two-headed ogre
  6814 | D:10     | Entered Level 10 of the Dungeon
  7387 | D:10     | Reached XP level 11. HP: 78/97 MP: 12/12
  7463 | D:10     | Reached skill level 11 in Dodging
  7967 | D:11     | Reached ** piety under Ashenzari
  8150 | D:11     | Noticed a centaur warrior
  8167 | D:11     | Killed a centaur warrior
  8167 | D:11     | Reached skill level 10 in Fighting
  8179 | D:11     | Slain by a yak

Skill      XL: |  1  2  3  4  5  6  7  8  9 10 11 |
---------------+----------------------------------+-----
Short Blades   | 1 2 3 4 5 6 8 |  8.5
Dodging        | 2 3 5 7 9 10 11 | 11.4
Fighting       | 1 2 3 4 6 8 9 10 | 10.1
Armour         | 1 2 3 4 5 |  5.8
Stealth        | |  3.2
Spellcasting   | |  1.7
Hexes          | |  2.4

Action                   |  1- 3 |  4- 6 |  7- 9 | 10-12 || total
-------------------------+-------+-------+-------+-------++-------
Melee: Dagger            |    99 |   102 |   355 |   405 ||   961
       Short sword       |     4 |       |       |       ||     4
 Cast: Ensorcelled Hiber |       |     3 |       |       ||     3
       Confusing Touch   |       |       |       |     2 ||     2
  Use: Scroll            |     1 |       |     4 |    11 ||    16
       Potion            |       |       |     9 |     6 ||    15
 Stab: Sleeping          |     4 |     3 |    11 |     2 ||    20
       Distracted        |       |     1 |       |       ||     1
  Eat: Chunk             |     8 |     5 |    24 |    30 ||    67
Armor: Robe              |    10 |    20 |    13 |       ||    43
       Leather armour    |       |       |     9 |    32 ||    41
Dodge: Dodged            |    71 |    66 |   194 |   182 ||   513
Block: Other             |       |       |       |    38 ||    38
       Reflection        |       |       |       |     3 ||     3
